 Dungeon Crawl Stone Soup version 0.22-a0-392-g5dc3fd9 (webtiles) character file.

35 Dargar the Ducker (level 3, -1/27 HPs)
             Began as a Demonspawn Gladiator on May 1, 2018.
             Slain by a goblin
             ... wielding a +1 dagger of protection
              (2 damage)
             ... on level 2 of the Dungeon.
             The game lasted 00:01:45 (1266 turns).

Dargar the Ducker (Demonspawn Gladiator)            Turns: 1266, Time: 00:01:45

Health: -1/27      AC:  3    Str: 14    XL:     3   Next: 16%
Magic:  3/3        EV: 13    Int:  9    God:
Gold:   16         SH:  0    Dex: 15    Spells: 2/2 levels left

rFire    . . .     SeeInvis .   a - +0 long sword
rCold    . . .     Gourm    .   (no shield)
rNeg     . . .     Faith    .   b - +0 leather armour
rPois    .         Spirit   .   (helmet restricted)
rElec    .         Reflect  .   (no cloak)
rCorr    .         Harm     .   (no gloves)
MR       .....                  (no boots)
Stlth    +.........             (no amulet)
HPRegen  0.09/turn              (no ring)
MPRegen  0.08/turn              (no ring)

@: no status effects
A: antennae 1
a: no special abilities


You were on level 2 of the Dungeon.
You were not hungry.

You visited 1 branch of the dungeon, and saw 2 of its levels.

You collected 16 gold pieces.

Inventory:

Hand Weapons
 a - a +0 long sword (weapon)
Missiles
 d - 3 throwing nets (quivered)
Armour
 b - a +0 leather armour (worn)
 c - a +0 helmet
Scrolls
 h - a scroll of remove curse {unknown}
 i - a scroll of identify
 j - a scroll of magic mapping {unknown}
 k - a scroll of amnesia {unknown}
Potions
 e - a potion of might {unknown}
 l - a potion of lignification {unknown}
Comestibles
 f - 2 rations
 g - 2 chunks of flesh


   Skills:
 + Level 2.2 Fighting
 + Level 3.2 Long Blades
 + Level 1.8 Throwing
 + Level 3.2 Dodging


You had 2 spell levels left.
You didn't know any spells.

Dungeon Overview and Level Annotations

Branches:
Dungeon (2/15)

Altars:

Annotations:
D:2 Sigmund


Innate Abilities, Weirdness & Mutations

You have a pair of small antennae on your head.


Message History

Sigmund mumbles some strange words.
Sigmund flickers and vanishes!
Deactivating autopickup; reactivate with Ctrl-A.
You bump into the rock wall.
The bat completely misses you.
You bump into the rock wall.
The bat barely misses you. The frilled lizard barely misses you.
Something hits you!
You closely miss the frilled lizard. The frilled lizard bites you.
The goblin hits you but does no damage. The frilled lizard closely misses you.
The bat hits you but does no damage. Something hits you.
* * * LOW HITPOINT WARNING * * *
The frilled lizard closely misses you.
You're too confused to move!
You feel less confused. The bat barely misses you. Something hits you.
* * * LOW HITPOINT WARNING * * *
The goblin completely misses you. The frilled lizard barely misses you.
Some of the chunks of flesh in your inventory have rotted away.
The bat barely misses you.
You riposte.
You closely miss the bat.
The goblin hits you with a dagger of protection.
You die...

#### ######### #..
........# #.##########.
........####.##.........
........'...............
........####.##gl.......
.............##@b.......
........#######..{......
####.#..................
...#.########.........
###.#.# #########.
#.#.################.
#..<#...............[
#>...............###
#.#.#.#..)........#


You could see a goblin, a bat and a frilled lizard.

Vanquished Creatures
  A dart slug (D:1)
  2 leopard geckos (D:1)
  4 bats
  A giant cockroach (D:1)
  6 goblins
  3 hobgoblins (D:1)
  4 kobolds (D:1)
  2 ball pythons (D:1)
  5 rats (D:1)
28 creatures vanquished.

Notes
Turn   | Place    | Note
-------+----------+-------------------------------------------
     0 | D:1      | Dargar the Demonspawn Gladiator began the quest for the Orb.
     0 | D:1      | Reached XP level 1. HP: 16/16 MP: 1/1
   420 | D:1      | Gained mutation: You have a pair of small antennae on your head. [demonic ancestry]
   420 | D:1      | Reached XP level 2. HP: 22/22 MP: 2/2
   846 | D:1      | Reached XP level 3. HP: 27/27 MP: 3/3
  1257 | D:2      | Noticed Sigmund
  1265 | D:2      | HP: 1/27 [something (6)]
  1266 | D:2      | Slain by a goblin

Vault maps used:
D:1:      roderic_dead_forest
D:2:      old_standard_altar, dancing_weapons_uskayaw, first_ration,
          uniq_sigmund, uniq_jessica

Skill      XL: |  1  2 |
---------------+-------+-----
Long Blades    | 3 |  3.2
Dodging        | 3 |  3.2
Fighting       | |  2.2
Throwing       | |  1.8

Action                   || total
-------------------------++-------
Melee: Long sword        ||    89
  Use: Scroll            ||     1
 Stab: Sleeping          ||     1
  Eat: Chunk             ||     1
Armor: Leather armour    ||    22
Dodge: Dodged            ||    69
       Rpst.: Long sword ||    23

Table legend:
 A = Spawn XP
 B = Non-spawn XP
 C = Spawn XP percentage of total XP
 D = Spawn monster count
 E = Non-spawn monster count
 F = Spawn count percentage of total count
 G = Total turns spent on level
                    A         B        C        D         E        F      G
               +---------+---------+-------+---------+---------+-------+---------
         Total |       0 |      50 |   0.0 |       0 |      28 |   0.0 |  1266
               +---------+---------+-------+---------+---------+-------+---------
           D:1 |       0 |      46 |   0.0 |       0 |      26 |   0.0 |  1204
           D:2 |       0 |       4 |   0.0 |       0 |       2 |   0.0 |    62
               +---------+---------+-------+---------+---------+-------+---------
